 Dungeon Crawl Stone Soup version 0.18-a0-844-g9229740 (webtiles) character file.

261212 Raultor the Fighter (level 19, -18/154 HPs)
             Began as a Demonspawn Gladiator on Dec 19, 2015.
             Was the Champion of Okawaru.
             Killed by the raging water
             ... invoked by a water nymph
              (33 damage)
             ... on level 4 of the Shoals.
             The game lasted 03:03:08 (37797 turns).

Raultor the Fighter (Demonspawn Gladiator)         Turns: 37797, Time: 03:03:09

Health: -18/154    AC: 35    Str: 18    XL:     19   Next: 57%
Magic:  26/26      EV: 15    Int:  5    God:    Okawaru [******]
Gold:   2405       SH: 14    Dex: 21    Spells: 1 memorised, 13 levels left

rFire  x . .     SeeInvis .     a - +3 demon whip (elec)
rCold  + . .     Gourm    .     c - +5 plate armour "Moris" {*Corrode rPois MR+++ Int-5}
rNeg   + . .     Faith    .     Y - +0 shield {reflect}
rPois  +         Spirit   .     G - +2 hat {MR+}
rElec  +         Dismiss  .     e - +3 cloak of the Abyss {rElec rPois Regen+}
rCorr  .         Reflect  +     C - +0 pair of gloves {Dex+3}
SustAt .         Harm     .     (boots unavailable)
MR     +++++                    b - amulet of Nuiphil {+Blink rPois Regen+ Stlth+}
Stlth  ++........               R - +4 ring of dexterity
                                v - ring of ice {rC+, rF-}

@: corroded equipment, almost entirely resistant to hostile enchantments,
unstealthy
A: hooves 3, rough black scales 3, demonic guardian 3, negative energy
resistance 1, nightstalker 2, electricity resistance, 50% torment resistance,
weak 1
a: Heroism, Finesse, Renounce Religion, Evoke Blink
}: 1/15 runes: gossamer


You were on level 4 of the Shoals.
You worshipped Okawaru.
Okawaru was exalted by your worship.
You were not hungry.

You visited 7 branches of the dungeon, and saw 34 of its levels.

You collected 4301 gold pieces.
You spent 1896 gold pieces at shops.

Inventory:

Hand Weapons
 a - a +3 demon whip of electrocution (weapon)
   (You took it off a torturous demonspawn on level 1 of the Orcish Mines)
 U - the +7 demon whip of Cowardice {pain, rElec Str+2 Dex+4}
   (Okawaru gifted it to you on level 3 of the Shoals)

   In the hands of one skilled in necromantic magic, it inflicts extra damage on
   living creatures.
   It affects your strength (+2).
   It affects your dexterity (+4).
   It insulates you from electricity.
Missiles
 d - 12 throwing nets (quivered) {=f, !d}
 L - 15 silver tomahawks
 W - 18 steel javelins
Armour
 c - the +5 plate armour "Moris" (worn) {*Corrode rPois MR+++ Int-5}
   (Okawaru gifted it to you on level 8 of the Lair of Beasts)

   It affects your intelligence (-5).
   It protects you from poison.
   It affects your resistance to hostile enchantments.
   It may corrode your equipment when you take damage.
 e - the +3 cloak of the Abyss (worn) {rElec rPois Regen+}
   (You found it on level 3 of the Lair of Beasts)

   It insulates you from electricity.
   It protects you from poison.
   It increases your rate of regeneration.
 j - the +6 shield "Feverrom" {rElec}
   (You acquired it on level 3 of the Shoals)

   It insulates you from electricity.
 o - the +9 ring mail "Caemman" {Dex+4 Stlth+}
   (You found it on level 3 of the Elven Halls)

   It affects your dexterity (+4).
   It makes you more stealthy.
 C - a +0 pair of gloves of dexterity (worn)
   (Okawaru gifted it to you on level 2 of the Orcish Mines)
 G - a +2 hat of magic resistance (worn)
   (You took it off Gastronok on level 12 of the Dungeon)
 Y - a +0 shield of reflection (worn)
   (Okawaru gifted it to you on level 4 of the Spider Nest)
Magical Staves
 T - an uncursed staff of wizardry {wiz+, !a}
   (You found it on level 3 of the Elven Halls)
Jewellery
 b - the amulet of Nuiphil (around neck) {+Blink rPois Regen+ Stlth+}
   (You bought it in a shop on level 10 of the Dungeon)

   [amulet of regeneration]

   It protects you from poison.
   It lets you blink.
   It increases your rate of regeneration.
   It makes you more stealthy.
 v - a ring of ice (left hand) {rC+, rF-}
   (You found it on level 1 of the Spider Nest)
 R - a +4 ring of dexterity (right hand)
   (You found it on level 2 of the Shoals)
 S - an uncursed ring of teleportation {+/*tele, !d}
   (You found it on level 1 of the Elven Halls)
Wands
 O - a wand of disintegration (10)
   (You found it on level 3 of the Lair of Beasts)
 P - a wand of digging (8)
   (You found it on level 10 of the Dungeon)
Scrolls
 g - 24 scrolls of remove curse
 m - 6 scrolls of recharging
 q - 13 scrolls of identify
 x - 2 scrolls of silence
 y - 10 scrolls of teleportation
 E - 3 scrolls of summoning
 F - 3 scrolls of enchant armour
 H - 5 scrolls of blinking {!r}
 I - 4 scrolls of fear
 J - a scroll of amnesia
 K - 4 scrolls of magic mapping {!r}
 X - 3 scrolls of fog
Potions
 h - 18 potions of curing
 i - 2 potions of berserk rage {!q}
 k - 3 potions of cure mutation {!q}
 n - 3 potions of resistance
 p - 3 potions of cancellation
 r - a potion of might
 s - a potion of haste
 B - a potion of heal wounds
 M - 5 potions of agility
 N - 6 potions of brilliance
 Q - a potion of magic
 Z - 2 potions of flight
Miscellaneous
 D - a phial of floods
   (You bought it in a shop on level 2 of the Elven Halls)
Comestibles
 f - 15 bread rations {@e1}
 l - 16 beef jerkies
 t - 4 chunks of flesh {@w0}
 u - 20 meat rations {@e2}
 z - 9 royal jellies
 A - 41 fruits


   Skills:
 + Level 14.9 Fighting
 - Level 14.3 Maces & Flails
 - Level 1.7 Throwing
 + Level 13.6 Armour
 + Level 14.1 Dodging
 * Level 14.1 Shields
 - Level 8.1 Invocations
 + Level 9.6 Evocations


You had 13 spell levels left.
You knew the following spells:

 Your Spells              Type           Power        Failure   Level  Hunger
a - Silence               Hex/Air        #.........   100%        5    ######.


Dungeon Overview and Level Annotations

Branches:
Dungeon (12/15)            Temple (1/1) D:4            Lair (8/8) D:9
 Shoals (4/4) Lair:3       Spider (4/4) Lair:5        Slime (0/6) Lair:7
    Orc (2/2) D:12            Elf (3/3) Orc:2

Altars:
Ashenzari
Cheibriados
Dithmenos
Elyvilon
Fedhas
Gozag
Kikubaaqudgha
Makhleb
Nemelex Xobeh
Okawaru
Pakellas
Qazlal
Ru
Sif Muna
Trog
Vehumet
Xom
Yredelemnul
Zin
The Shining One
Beogh
Jiyva

Shops:
D:10 *%=?!   Orc:2 !(*}   Elf:2 }

Portals:
Pandemonium: Orc:2
Trove: D:12 (give +5 fire dragon armour)

Annotations:
D:3 exclusion: door
D:12 exclusion: ice statue


Innate Abilities, Weirdness & Mutations

You have hooves in place of feet.
You are completely covered in rough black scales (AC +10, Dex -3).
A powerful demonic guardian rushes to your aid.
You resist negative energy.
You are significantly more attuned to the shadows.
You are somewhat able to resist unholy torments (1 in 2 success).
You are resistant to electric shocks.
You are weak. (Str -2)


Message History

You block Ilsuiw's attack. You block the water elemental's attack.
You take 1 damage, and have 71/154 hp.
You hit the water elemental. Your kick misses the water elemental.
Your lungs strain for air!
You take 1 damage, and have 70/154 hp.
You whack the water elemental!
You destroy the water elemental!
You gasp with relief as air once again reaches your lungs.
You block Ilsuiw's attack.
You enter the shallow water.
Moving in this stuff is going to be slow.
The water elemental hits you.
The water elemental engulfs you in water!
You block Ilsuiw's attack.
The water nymph gestures at you while chanting.
The water swirls and strikes you!
Things that are here:
a trident; a merfolk corpse You take 2 damage, and have 68/154 hp.
You hit Ilsuiw but do no damage. Your kick misses Ilsuiw.
Your lungs strain for air!
You block the water elemental's attack.
You take 2 damage, and have 66/154 hp.
Your unstable footing causes you to fumble your attack.
Your lungs strain for air!
The water nymph closely misses you.
Ilsuiw hits you with a trident of freezing.
You take 5 damage, and have 61/154 hp.
You hit Ilsuiw. You kick Ilsuiw, but do no damage.
Your lungs strain for air!
You block the water elemental's attack.
You take 2 damage, and have 59/154 hp.
You closely miss Ilsuiw. You kick Ilsuiw, but do no damage.
Your lungs strain for air!
The water nymph gestures at you while chanting.
The water swirls and strikes you! Ilsuiw completely misses you.
You block the water elemental's attack.
You take 2 damage, and have 57/154 hp.
Your unstable footing causes you to fumble your attack.
Your lungs strain for air!
You block the water nymph's attack.
You take 3 damage, and have 54/154 hp.
Your unstable footing causes you to fumble your attack.
Your lungs strain for air!
You block Ilsuiw's attack. You block the water elemental's attack.
You take 4 damage, and have 50/154 hp.
You thrash Ilsuiw!!
Your lungs strain for air!
The water nymph touches you. The water nymph drowns you!
* * * LOW HITPOINT WARNING * * *
You take 10 damage, and have 40/154 hp.
You hit Ilsuiw.
There is a sudden explosion of sparks!
You kill Ilsuiw!
Okawaru accepts your kill.
You hear a splash. x2
* * * LOW HITPOINT WARNING * * *
Your lungs strain for air!
The water elemental disappears in a puff of smoke!
You take 3 damage, and have 37/154 hp.
Your plate armour "Moris" prevents you from hitting the water nymph.
You gasp with relief as air once again reaches your lungs.
The water nymph gestures at you while chanting.
The water swirls and strikes you!
* * * LOW HITPOINT WARNING * * *
You take 35 damage, and have 2/154 hp.
MASSIVE DAMAGE!!
Drink which item? (? for menu, Esc to quit)
Okay, then.
Drink which item? (? for menu, Esc to quit)
You feel much better. The water nymph touches you. The water nymph drowns you!
* * * LOW HITPOINT WARNING * * *
You regained 14 hp, and now have 16/154 hp.
You regained 2 hp, and now have 18/154 hp.
Splash!
You fall into the shallow water.
Moving in this stuff is going to be slow.
You thrash the water nymph!! Your kick misses the water nymph.
You hit the water nymph.
There is a sudden explosion of sparks!
The water nymph touches you. The water nymph drowns you!
* * * LOW HITPOINT WARNING * * *
You take 6 damage, and have 19/154 hp.
Your unstable footing causes you to fumble your attack.
Your unstable footing causes you to fumble your attack.
You block the water nymph's attack.
Your unstable footing causes you to fumble your attack.
You whack the water nymph!
The water nymph points at you and mumbles some strange words.
The water swirls and strikes you!
Your unstable footing causes you to fumble your attack.
Your plate armour "Moris" prevents you from hitting the water nymph.
Your kick misses the water nymph. The water nymph touches you.
The water nymph drowns you!
* * * LOW HITPOINT WARNING * * *
Your corrosive artefact corrodes you!
You take 8 damage, and have 14/154 hp.
Your unstable footing causes you to fumble your attack.
Your unstable footing causes you to fumble your attack.
The water nymph gestures at you while chanting.
The water swirls and strikes you!
You die...

...#####.......(.....#*≈≈≈≈≈*≈**≈
.†#.#.#.#.....≈.......**≈≈≈≈≈**≈≈
.#...≈...##...≈≈.≈...≈≈*******≈≈≈
###.#.#..##...)≈≈≈.≈≈≈≈≈,,,*,≈≈≈≈
###≈...≈###..≈≈)######≈≈,,,**,,**
##..#.#.##..≈≈≈#....≈#*≈,,,,,,,,,
##...≈...#≈..≈#m#....≈#*≈,,,,,,,,
....###......#.#@.≈#..≈*≈≈≈≈≈≈≈≈≈
...## ##)....#...≈≈≈≈.≈*≈≈≈≈≈≈≈≈≈
....####))...#..≈≈##≈.≈*≈≈≈≈≈≈≈≈≈
.........)≈≈≈#..#≈#≈..≈*≈≈≈≈≈≈≈≈≈
.......÷).≈≈≈#≈..≈≈.,*≈*≈≈≈≈≈,,,≈
..........≈≈≈##≈....#≈**≈≈≈≈,,,,,
..........≈≈≈≈##≈≈≈≈≈**≈≈≈≈≈,,,,*
...(..(...≈≈≈≈≈*******≈≈≈≈≈≈,,,*,


You could see a water nymph.

Vanquished Creatures
  2 deep elf blademasters (Elf:3)
  A deep elf master archer (Elf:3)
  A kraken (Shoals:1)
  Polyphemus (Shoals:2)
  Gastronok (D:12)
  Ilsuiw (Shoals:4)
  2 deep elf sorcerers (Elf:3)
  2 ghost moths (Spider:4)
  Aizul (Shoals:1)
  5 emperor scorpions (Spider:4)
  4 deep elf elementalists (Elf:3)
  3 deep elf demonologists
  8 deep elf annihilators (Elf:3)
  A spark wasp (Spider:4)
  4 deep elf death magi (Elf:3)
  5 merfolk javelineers
  6 merfolk impalers
  An entropy weaver (Spider:2)
  3 deep elf high priests (Elf:3)
  The ghost of root the Blocker, a journeyman DsFi of Okawaru (Lair:2)
  4 hydras
  Harold (D:12)
  A merfolk avatar (Shoals:1)
  10 merfolk aquamancers
  5 catoblepae
  An alligator snapping turtle (Shoals:4)
  A queen ant (Spider:1)
  A satyr (Shoals:3)
  9 death yaks
  24 dancing weapons
  3 orc high priests (Orc:2)
  13 deep elf knights
  A skeletal warrior (D:12)
  3 sea snakes
  An infernal demonspawn (Orc:2)
  A hill giant (D:11)
  2 torturous demonspawn
  A putrid demonspawn (Orc:2)
  8 deep elf archers
  8 harpies
  9 orc sorcerers (Orc:2)
  4 orc knights (Orc:2)
  37 deep elf magi
  5 griffons
  20 wolf spiders
  11 fauns
  11 orb spiders
  4 water nymphs
  10 manticores
  A rust devil (Orc:2)
  4 cyclopes
  3 ugly things
  7 hornets
  Maurice (D:12)
  7 sirens
  5 elephants (Lair:6)
  4 torpor snails
  8 black mambas
  2 smoke demons (Orc:2)
  16 spiny frogs
  3 centaur skeletons
  2 moths of wrath (Spider:2)
  3 fire drakes
  14 demonic crawlers
  6 komodo dragons
  A red devil (Orc:2)
  19 jumping spiders
  25 merfolk
  6 polar bears
  2 two-headed ogres
  10 snapping turtles
  A wind drake (Shoals:1)
  3 trolls
  10 blink frogs
  A boulder beetle (Spider:2)
  A slime creature (Lair:7)
  3 wyverns
  The ghost of Conn321 the Magician, an amateur OpWz (D:4)
  47 redbacks
  18 trapdoor spiders
  4 air elementals
  24 tarantellas
  11 water elementals
  57 yaks
  A ynoxinul (Orc:2)
  A wraith (D:12)
  A basilisk (Lair:2)
  7 hippogriffs
  A hungry ghost (D:12)
  3 wargs
  2 fire elementals (Elf:3)
  11 water moccasins
  26 wolves
  A chaos spawn (Orc:2)
  24 soldier ants
  A black bear (D:10)
  12 porcupines
  33 orc warriors
  11 ice beasts
  2 phantoms
  7 sky beasts
  4 wasps
  6 centaurs
  A necrophage (D:11)
  10 crocodiles
  10 ogres
  12 giant frogs
  3 earth elementals
  A wyvern zombie (D:10)
  11 killer bees
  A water moccasin skeleton (D:4)
  6 wights
  3 electric eels
  5 crimson imps
  A quasit (D:8)
  A giant frog zombie (D:12)
  27 orc priests
  2 jellies
  Crazy Yiuf (D:2)
  8 hounds
  Ijyb (D:2)
  7 iguanas
  14 orc wizards
  26 sheep
  35 worker ants
  A hound zombie (D:9)
  A hound skeleton (D:4)
  2 worker ant zombies
  6 gnolls
  80 river rats
  14 adders
  2 shadow imps (D:5)
  3 white imps (D:12)
  An ooze (D:5)
  3 adder skeletons
  6 worms
  6 giant geckos
  90 orcs
  8 bats
  9 giant cockroaches
  5 goblins
  6 hobgoblins
  6 jackals
  2 quokkas
  A giant gecko skeleton (D:6)
  4 giant newts
  A goblin skeleton (D:5)
  A goblin zombie (D:5)
  4 hobgoblin zombies (D:5)
  3 jackal skeletons
  11 kobolds
  An orc skeleton (D:5)
  9 rats
  A fungus (D:9)
  3 tentacles (Shoals:1)
1222 creatures vanquished.

Vanquished Creatures (collateral kills)
  Rupert (Lair:6)
  A deep elf master archer (Elf:3)
  An acid blob (Lair:7)
  Frances (Spider:1)
  A ghost moth (Spider:4)
  A deep elf sorcerer (Elf:3)
  2 emperor scorpions
  A deep elf death mage (Elf:3)
  2 deep elf high priests (Elf:3)
  3 hydras
  2 catoblepae
  A merfolk aquamancer (Shoals:4)
  9 death yaks
  3 dancing weapons
  8 deep elf knights
  An unseen horror (D:12)
  4 skeletal warriors (D:12)
  A hill giant (D:11)
  3 deep elf archers
  2 orb spiders (Spider:4)
  An ugly thing (D:10)
  2 wolf spiders (Spider:4)
  10 deep elf magi
  A hornet (Spider:4)
  2 black mambas
  2 fauns (Shoals:1)
  A siren (Shoals:1)
  A spiny frog (Lair:8)
  An elephant (Lair:6)
  2 jumping spiders (Spider:1)
  A polar bear (Lair:4)
  3 merfolk
  A wind drake (Shoals:2)
  5 tarantellas
  An air elemental (Elf:1)
  3 redbacks (Spider:1)
  3 trapdoor spiders
  2 water elementals
  A basilisk (Lair:6)
  8 yaks
  A fire elemental (Elf:1)
  2 hippogriffs
  3 wolves
  An ice beast (D:6)
  A porcupine (Lair:2)
  A necrophage (D:7)
  2 wasps
  An ogre (D:5)
  A crocodile (Lair:8)
  A centaur (D:5)
  An earth elemental (Elf:2)
  A giant frog (Lair:3)
  A killer bee (D:12)
  2 orc wizards (D:12)
  A hound (D:8)
  An orc priest (D:11)
  7 sheep
  3 orcs
  A goblin skeleton (D:5)
  A hobgoblin zombie (D:5)
  An orc skeleton (D:5)
  A crawling corpse (Elf:3)
  A fungus (Lair:2)
135 creatures vanquished.

Vanquished Creatures (others)
  2 deep elf elementalists (Elf:3)
  A merfolk javelineer (Shoals:3)
  A deep elf archer (Elf:2)
  A deep elf mage (Elf:2)
  A wasp (Spider:4)
  13 fungi
  11 plants
  12 tentacles (Shoals:1)
  203 tentacle segments (Shoals:1)
245 creatures vanquished.

Grand Total: 1602 creatures vanquished

Notes
Turn   | Place    | Note
--------------------------------------------------------------
     0 | D:1      | Raultor the Demonspawn Gladiator began the quest for the Orb.
     0 | D:1      | Reached XP level 1. HP: 16/16 MP: 1/1
   186 | D:1      | Gained mutation: You are partially covered in rough black scales (AC +4, Dex -1). [demonic ancestry]
   186 | D:1      | Reached XP level 2. HP: 19/22 MP: 2/2
   419 | D:2      | Reached skill level 1 in Armour
   447 | D:2      | Reached skill level 3 in Dodging
   465 | D:2      | Noticed a moth of wrath
   534 | D:2      | Gained mutation: You have large cloven feet. [demonic ancestry]
   534 | D:2      | Reached XP level 3. HP: 24/28 MP: 3/3
   639 | D:2      | Noticed Crazy Yiuf
   646 | D:2      | Killed Crazy Yiuf
   646 | D:2      | Reached skill level 3 in Maces & Flails
   863 | D:2      | Noticed Ijyb
   880 | D:2      | Killed Ijyb
   880 | D:2      | Gained mutation: You have hoof-like feet. [demonic ancestry]
   880 | D:2      | Reached XP level 4. HP: 30/34 MP: 4/4
  1453 | D:1      | Reached skill level 2 in Armour
  1568 | D:2      | Found a white marble altar of Elyvilon.
  1832 | D:2      | Found a bloodstained altar of Trog.
  1856 | D:2      | Reached skill level 3 in Fighting
  1856 | D:2      | Reached XP level 5. HP: 25/41 MP: 5/5
  2598 | D:3      | Found a deep blue altar of Sif Muna.
  2862 | D:4      | Noticed an orc warrior
  2878 | D:4      | Gained mutation: A weak demonic guardian rushes to your aid. [demonic ancestry]
  2878 | D:4      | Reached XP level 6. HP: 47/47 MP: 6/6
  2892 | D:4      | Noticed Conn321's ghost (amateur OpWz)
  2964 | D:5      | Entered Level 5 of the Dungeon
  3088 | D:5      | Reached skill level 4 in Maces & Flails
  3152 | D:5      | Found a sparkling altar of Nemelex Xobeh.
  3152 | D:5      | Found a basalt altar of Yredelemnul.
  3153 | D:5      | Found an oddly glowing altar of Pakellas.
  3185 | D:5      | Reached skill level 3 in Armour
  3185 | D:5      | Reached skill level 4 in Dodging
  3313 | D:5      | Reached skill level 4 in Fighting
  3313 | D:5      | Gained mutation: You have hooves in place of feet. [demonic ancestry]
  3313 | D:5      | Reached XP level 7. HP: 51/54 MP: 7/7
  3350 | D:5      | Found a glowing golden altar of the Shining One.
  3837 | D:4      | Found a sacrificial altar of Ru.
  3954 | D:4      | Killed Conn321's ghost
  3954 | D:4      | Reached skill level 4 in Armour
  4031 | D:4      | Reached skill level 5 in Maces & Flails
  4031 | D:4      | Reached XP level 8. HP: 24/61 MP: 8/8
  4252 | D:4      | Found a snail-covered altar of Cheibriados.
  4413 | D:4      | Found a staircase to the Ecumenical Temple.
  4460 | Temple   | Entered the Ecumenical Temple
  4877 | D:5      | Reached skill level 5 in Dodging
  5040 | D:5      | Found a shadowy altar of Dithmenos.
  5173 | D:6      | Reached skill level 5 in Fighting
  5256 | D:6      | Found a shattered altar of Ashenzari.
  5260 | D:6      | Saw a vision of the Shoals and the Spider Nest.
  5260 | D:6      | Noticed a siren
  5323 | D:6      | Found an opulent altar of Gozag.
  5407 | D:6      | Found an iron altar of Okawaru.
  5417 | D:6      | Became a worshipper of Warmaster Okawaru
  5588 | D:6      | Reached skill level 1 in Invocations
  5600 | D:6      | Found a burning altar of Makhleb.
  5876 | D:6      | Reached skill level 1 in Shields
  5991 | D:6      | Reached skill level 6 in Maces & Flails
  6123 | D:7      | Found a blossoming altar of Fedhas.
  6135 | D:7      | Reached skill level 2 in Invocations
  6160 | D:7      | Found a stormy altar of Qazlal.
  6362 | D:7      | Reached * piety under Okawaru
  6881 | D:8      | Reached XP level 9. HP: 49/68 MP: 10/10
  6993 | D:8      | Reached skill level 5 in Armour
  6993 | D:8      | Reached skill level 2 in Shields
  7032 | D:8      | Reached skill level 3 in Invocations
  7269 | D:8      | Reached skill level 7 in Maces & Flails
  7298 | D:8      | Got a brightly glowing short sword
  7299 | D:8      | Identified the +8 short sword of Yjaivos {drain, *Confuse rElec rF- Dex+9} (You found it on level 8 of the Dungeon)
  7427 | D:8      | Reached ** piety under Okawaru
  7752 | D:9      | Reached skill level 6 in Fighting
  7752 | D:9      | Reached skill level 4 in Invocations
  7823 | D:9      | Found a staircase to the Lair.
  7845 | D:9      | Noticed a cyclops
  8090 | D:9      | Found a blossoming altar of Fedhas.
  8103 | D:9      | Reached skill level 6 in Dodging
  8309 | D:10     | Entered Level 10 of the Dungeon
  8357 | D:10     | Reached skill level 3 in Shields
  8410 | D:10     | Noticed a brown ugly thing
  8426 | D:10     | Killed a brown ugly thing
  8426 | D:10     | Gained mutation: You are mostly covered in rough black scales (AC +7, Dex -2). [demonic ancestry]
  8426 | D:10     | Reached XP level 10. HP: 63/77 MP: 13/13
  8457 | D:10     | Found Fiohuhoz's General Store.
  8505 | D:10     | Reached *** piety under Okawaru
  8515 | D:10     | Found Ypigucwi's Food Shop.
  8520 | D:10     | Reached skill level 5 in Invocations
  8580 | D:10     | Reached skill level 8 in Maces & Flails
  8759 | D:10     | Found Towuolan's Jewellery Emporium.
  8884 | D:10     | Found Cigilale's Distillery.
  8905 | D:10     | Found Reaxt's Magic Scroll Shoppe.
  9345 | D:11     | Noticed a hill giant
  9353 | D:11     | Killed a hill giant
  9353 | D:11     | Reached **** piety under Okawaru
  9369 | D:11     | Reached skill level 6 in Armour
  9369 | D:11     | Reached skill level 4 in Shields
  9377 | D:11     | Noticed a cyan ugly thing
  9379 | D:11     | Noticed a cyclops
  9394 | D:11     | Killed a cyclops
  9394 | D:11     | Reached skill level 7 in Fighting
  9394 | D:11     | Reached skill level 6 in Invocations
  9400 | D:11     | Reached skill level 7 in Dodging
  9406 | D:11     | Reached skill level 9 in Maces & Flails
  9430 | D:11     | Killed a cyan ugly thing
  9676 | D:11     | Noticed a hill giant
  9689 | D:11     | Killed a hill giant
  9689 | D:11     | Reached ***** piety under Okawaru
  9689 | D:11     | Received a gift from Okawaru
  9689 | D:11     | Gained mutation: You are slightly more attuned to the shadows. [demonic ancestry]
  9689 | D:11     | Reached XP level 11. HP: 64/84 MP: 15/15
  9764 | D:11     | Noticed an eight-headed hydra
  9786 | D:11     | Killed an eight-headed hydra
 10232 | D:10     | Bought the amulet of Nuiphil {+Blink rPois Regen+ Stlth+} for 816 gold pieces
 10306 | D:9      | Received a gift from Okawaru
 10388 | Lair:1   | Entered Level 1 of the Lair of Beasts
 10535 | Lair:1   | Reached skill level 7 in Invocations
 10564 | Lair:1   | Reached skill level 5 in Shields
 11196 | Lair:2   | Noticed an eight-headed hydra
 11208 | Lair:2   | Killed an eight-headed hydra
 11267 | Lair:2   | Noticed a seven-headed hydra
 11278 | Lair:2   | Killed a seven-headed hydra
 11278 | Lair:2   | Reached skill level 8 in Fighting
 11278 | Lair:2   | Reached skill level 10 in Maces & Flails
 11278 | Lair:2   | Reached skill level 7 in Armour
 11619 | Lair:2   | Reached skill level 8 in Invocations
 11927 | Lair:2   | Noticed root's ghost (journeyman DsFi)
 12098 | Lair:3   | Reached skill level 8 in Dodging
 12098 | Lair:3   | Reached XP level 12. HP: 43/93 MP: 14/18
 12256 | Lair:3   | Received a gift from Okawaru
 12361 | Lair:2   | Killed root's ghost
 12934 | Lair:3   | Reached skill level 11 in Maces & Flails
 12963 | Lair:2   | HP: 19/94 [wolf (8)]
 13226 | Lair:3   | Got a faintly humming cloak
 13237 | Lair:3   | Identified the +3 cloak of the Abyss {rElec rPois Regen+} (You found it on level 3 of the Lair of Beasts)
 13626 | Lair:3   | Noticed a five-headed hydra
 13647 | Lair:3   | Killed a five-headed hydra
 13647 | Lair:3   | Reached skill level 8 in Armour
 13827 | Lair:3   | Found a staircase to the Shoals.
 14132 | Lair:4   | Reached skill level 9 in Fighting
 14885 | Lair:4   | Reached ****** piety under Okawaru
 14896 | Lair:4   | Received a gift from Okawaru
 15174 | Lair:5   | Noticed a catoblepas
 15199 | Lair:5   | Killed a catoblepas
 15199 | Lair:5   | Reached skill level 9 in Dodging
 15477 | Lair:5   | Noticed a catoblepas
 15493 | Lair:5   | Killed a catoblepas
 15493 | Lair:5   | Reached skill level 12 in Maces & Flails
 15493 | Lair:5   | Gained mutation: A demonic guardian rushes to your aid. [demonic ancestry]
 15493 | Lair:5   | Reached XP level 13. HP: 67/101 MP: 19/19
 15611 | Lair:5   | Found a hole to the Spider Nest.
 16396 | Lair:6   | Reached skill level 10 in Fighting
 16460 | Lair:6   | Reached skill level 9 in Armour
 16501 | Lair:6   | Noticed Rupert
 16518 | Lair:6   | Killed Rupert
 16787 | Lair:6   | Received a gift from Okawaru
 17623 | Lair:7   | Found a runed door.
 17623 | Lair:7   | Found a viscous altar of Jiyva.
 17623 | Lair:7   | Found a staircase to the Slime Pits.
 17623 | Lair:7   | Noticed an acid blob
 17634 | Lair:7   | Killed an acid blob
 17634 | Lair:7   | Reached skill level 13 in Maces & Flails
 17634 | Lair:7   | Reached skill level 10 in Dodging
 18030 | Lair:8   | Entered Level 8 of the Lair of Beasts
 18397 | Lair:8   | Reached skill level 6 in Shields
 18397 | Lair:8   | Gained mutation: You are completely covered in rough black scales (AC +10, Dex -3). [demonic ancestry]
 18397 | Lair:8   | Reached XP level 14. HP: 104/111 MP: 20/20
 18465 | Lair:8   | Received a gift from Okawaru
 18716 | Lair:8   | Identified a +2 lightning rod (9/9) (You found it on level 8 of the Lair of Beasts)
 19222 | Lair:8   | Received a gift from Okawaru
 19237 | Lair:8   | Got a dazzling plate armour {god gift}
 19243 | Lair:8   | Identified the +5 plate armour "Moris" {*Corrode rPois MR+++ Int-5} (Okawaru gifted it to you on level 8 of the Lair of Beasts)
 19660 | D:10     | Bought a potion of heal wounds for 50 gold pieces
 19660 | D:10     | Bought a potion of experience for 500 gold pieces
 19660 | D:10     | Bought a potion of heal wounds for 50 gold pieces
 19660 | D:10     | Reached skill level 6 in Evocations
 19660 | D:10     | Gained mutation: A powerful demonic guardian rushes to your aid. [demonic ancestry]
 19660 | D:10     | Reached XP level 15. HP: 117/117 MP: 21/21
 19863 | D:12     | Noticed Maurice
 19864 | D:12     | Found a staircase to the Orcish Mines.
 19910 | D:12     | Reached skill level 10 in Armour
 19932 | D:12     | Killed Maurice
 20147 | D:12     | Found a portal to a secret trove of treasure.
 20232 | D:12     | Noticed Harold
 20251 | D:12     | Killed Harold
 20256 | D:12     | Reached skill level 14 in Maces & Flails
 20344 | D:12     | Reached skill level 11 in Fighting
 20354 | D:12     | Reached skill level 7 in Shields
 20554 | D:12     | Noticed Gastronok
 20623 | D:12     | Killed Gastronok
 20818 | Orc:1    | Entered Level 1 of the Orcish Mines
 21174 | Orc:2    | Entered Level 2 of the Orcish Mines
 21288 | Orc:2    | Found a staircase to the Elven Halls.
 21542 | Orc:2    | Found Xienar's General Store.
 21714 | Orc:2    | Found Mius's Distillery.
 22295 | Orc:2    | Gained mutation: You are resistant to electric shocks. [a neqoxec]
 22301 | Orc:2    | Gained mutation: You are weak. (Str -2) [a neqoxec]
 22532 | Orc:2    | Found a roughly hewn altar of Beogh.
 22625 | Orc:2    | Gained mutation: You are significantly more attuned to the shadows. [demonic ancestry]
 22625 | Orc:2    | Reached XP level 16. HP: 117/126 MP: 22/22
 22665 | Orc:2    | Reached skill level 11 in Dodging
 22693 | Orc:2    | Received a gift from Okawaru
 22783 | Orc:2    | Found Ufuuvoq's Gadget Shoppe.
 22783 | Orc:2    | Found Hiun's Antique Weapon Emporium.
 22783 | Orc:2    | Found a one-way gate leading to the halls of Pandemonium.
 22888 | Elf:1    | Entered Level 1 of the Elven Halls
 22902 | Elf:1    | Reached skill level 8 in Shields
 23854 | Lair:1   | Reached skill level 11 in Armour
 24346 | Elf:1    | Reached skill level 12 in Fighting
 24782 | Elf:2    | Found Fyethruw's Gadget Shop.
 25060 | Elf:2    | Bought a phial of floods for 480 gold pieces
 25283 | Elf:2    | Reached skill level 9 in Shields
 25302 | Elf:2    | Found a runed gate.
 25302 | Elf:2    | Found a runed gate.
 25302 | Elf:2    | Found a runed gate.
 25751 | Elf:2    | Reached skill level 12 in Dodging
 25758 | Elf:2    | Received a gift from Okawaru
 26369 | Elf:2    | Reached XP level 17. HP: 117/135 MP: 23/23
 26607 | Elf:3    | Entered Level 3 of the Elven Halls
 26625 | Elf:3    | Reached skill level 10 in Shields
 27431 | Elf:3    | Reached skill level 12 in Armour
 27815 | Elf:3    | Reached skill level 13 in Fighting
 27903 | Elf:3    | Received a gift from Okawaru
 28015 | Elf:3    | Reached skill level 11 in Shields
 28016 | Elf:3    | HP: 34/136 [deep elf master archer/arrow of frost (18)]
 28019 | Elf:3    | HP: 9/136 [deep elf master archer/arrow of frost (19)]
 28019 | Elf:3    | HP: 3/136 [deep elf master archer/arrow of frost (6)]
 28435 | Elf:3    | Noticed a Brimstone Fiend
 28940 | Elf:3    | Got a twisted hat {god gift}
 28999 | Elf:3    | Identified the +2 hat of the Storm King {*Confuse rN+ MP+9} (Okawaru gifted it to you on level 3 of the Elven Halls)
 29047 | Elf:3    | Identified Itia's Catalogue of the Birds
 29054 | Elf:3    | Learned a level 5 spell: Silence
 29140 | Elf:3    | Got a twisted ring mail
 29151 | Elf:3    | Identified the +9 ring mail "Caemman" {Dex+4 Stlth+} (You found it on level 3 of the Elven Halls)
 29231 | Elf:3    | Identified a +0 rod of destruction (8/14) {!a} (You took it off a deep elf death mage on level 3 of the Elven Halls)
 29699 | Spider:1 | Entered Level 1 of the Spider Nest
 29735 | Spider:1 | Reached skill level 13 in Dodging
 29902 | Spider:1 | Noticed Frances
 29915 | Spider:1 | Killed Frances
 30157 | Spider:1 | Gained mutation: You resist negative energy. [demonic ancestry]
 30157 | Spider:1 | Reached XP level 18. HP: 145/145 MP: 24/24
 30176 | Spider:1 | Reached skill level 12 in Shields
 30278 | Spider:1 | Received a gift from Okawaru
 31101 | Spider:2 | Got a jade-encrusted ring mail
 31112 | Spider:2 | Identified the +4 ring mail of the Loofah {Int+5} (You found it on level 2 of the Spider Nest)
 31158 | Spider:2 | Reached skill level 7 in Evocations
 31283 | Spider:2 | Received a gift from Okawaru
 31286 | Spider:2 | Got a jewelled hat {god gift}
 31297 | Spider:2 | Identified the +2 hat of the Hidden Cities {Str+4 Int+4} (Okawaru gifted it to you on level 2 of the Spider Nest)
 32102 | Spider:3 | Reached skill level 14 in Fighting
 32202 | Spider:3 | Found a roughly hewn altar of Beogh.
 32352 | Spider:4 | Entered Level 4 of the Spider Nest
 32946 | Spider:4 | Reached skill level 13 in Armour
 33009 | Spider:4 | Reached skill level 8 in Evocations
 33040 | Spider:4 | Received a gift from Okawaru
 33289 | Spider:4 | Reached skill level 13 in Shields
 33519 | Spider:4 | Got a gossamer rune of Zot
 33914 | Shoals:1 | Entered Level 1 of the Shoals
 34725 | Shoals:1 | Noticed Aizul
 34754 | Shoals:1 | Killed Aizul
 35094 | Shoals:2 | Noticed Polyphemus
 35147 | Shoals:2 | Killed Polyphemus
 35147 | Shoals:2 | Gained mutation: You are somewhat able to resist unholy torments (1 in 2 success). [demonic ancestry]
 35147 | Shoals:2 | Reached XP level 19. HP: 60/153 MP: 19/25
 36219 | Shoals:3 | HP: 19/153 [merfolk aquamancer/ball of steam (39)]
 36256 | Shoals:3 | Received a gift from Okawaru
 36263 | Shoals:3 | Got a bloodstained demon whip {god gift}
 36264 | Shoals:3 | Identified the +7 demon whip of Cowardice {pain, rElec Str+2 Dex+4} (Okawaru gifted it to you on level 3 of the Shoals)
 36623 | Shoals:3 | Reached skill level 9 in Evocations
 36687 | Shoals:3 | Reached skill level 14 in Dodging
 36719 | Shoals:3 | Identified a scroll of acquirement
 36722 | Shoals:3 | Got a smoking shield
 36742 | Shoals:3 | Identified the +6 shield "Feverrom" {rElec} (You acquired it on level 3 of the Shoals)
 37189 | Shoals:4 | Entered Level 4 of the Shoals
 37286 | Shoals:4 | Reached skill level 14 in Shields
 37610 | Shoals:4 | Got a distressingly furry robe
 37674 | Shoals:4 | Noticed Ilsuiw
 37778 | Shoals:4 | Killed Ilsuiw
 37778 | Shoals:4 | HP: 36/154 [drowned by a water elemental[Ilsuiw] (4)]
 37779 | Shoals:4 | HP: 2/154 [water nymph/the raging water (35)]
 37789 | Shoals:4 | HP: 19/154 [drowned by a water nymph (7)]
 37795 | Shoals:4 | HP: 14/154 [drowned by a water nymph (8)]
 37797 | Shoals:4 | Killed from afar by a water nymph

Vault maps used:
D:1:      dpeg_arrival_long_road
D:2:      elyvilon_altar_3, tgw_trog, uniq_crazy_yiuf_cottage, uniq_iyjb
D:3:      led_sif_book, first_bread
D:4:      old_standard_altar, nicolae_ru_awakened_eye,
          minmay_temple_entry_statues
D:5:      grunt_dithmenos_shadows, gammafunk_temple_overflow_forgotten,
          nicolae_tso_besieged_by_evil
D:6:      nicolae_gozag_seed_capital, lemuel_round_altar, lemuel_doored_altar,
          grunt_ashenzari_visionary
D:7:      grunt_temple_overflow_forces_of_nature, serial_aquarium,
          aquarium_bridge_island_small, aquarium_bridge_square,
          aquarium_window_1, aquarium_window_2, aquarium_window_corridor_1,
          aquarium_window_fake, aquarium_view_2d, aquarium_balcony_1a,
          aquarium_pool_1
D:9:      dpeg_oklobed_lair, hangedman_tree_tricks,
          onia_ninara_dug_in_and_dangerous
D:10:     serial_shops, shop, shop_fountains, shop, shop_fountains,
          shop_fountains
D:11:     lab_entry_generic, special_room
D:12:     david_orc_3, nicolae_trove_entry_free_sample, ice2_lemuel,
          uniq_harold, uniq_gastronok, uniq_maurice
Temple:   circular_temple_6
Lair:1:   guppyfry_lair_drakes, grunt_megastairs_2, infiniplex_staircase_pool
Lair:2:   beast_lair_carwin_4, lemuel_fruit_tree, grunt_megastairs_3
Lair:3:   shoals_dummy_entry, beast_lair_carwin_6
Lair:4:   beast_lair_carwin_1
Lair:5:   nicolae_spider_entry_orb_guardian, grunt_forest_stairs_basic
Lair:6:   grunt_megastairs_5, uniq_rupert
Lair:7:   slime_altar_2, serial_bayou_shore_b, serial_bayou_shore_a
Lair:8:   evilmike_catoblepas_cave, columned_hall_lemuel
Shoals:1: uniq_aizul
Shoals:2: uniq_polyphemus
Shoals:3: nicolae_shoals_aquamancer_cove
Shoals:4: shoals_end_hangedman, shoals_ilsuiw_ice
Spider:1: zaba_anthell, uniq_frances
Spider:2: spider_trap
Spider:3: nicolae_spider_mines_2
Spider:4: guppyfry_spider_rune
Orc:2:    pf_orc_diabolical, basic_altar
Elf:1:    minmay_elf_arrival_circle, minivault_28, minmay_misc_feat_alley,
          hangedman_elf_targetted_burst
Elf:2:    serial_shops, nicolae_shop_trees, lemuel_flame_loot_1
Elf:3:    elf_hall

Action                   |  1- 3 |  4- 6 |  7- 9 | 10-12 | 13-15 | 16-18 | 19-21 || total
-------------------------+-------+-------+-------+-------+-------+-------+-------++-------
Melee: Flail             |   106 |   251 |   385 |   884 |  1009 |       |       ||  2635
       Short sword       |       |       |    84 |   376 |       |       |       ||   460
       Morningstar       |       |       |       |       |   543 |       |       ||   543
       Demon whip        |       |       |       |       |    56 |  2616 |   720 ||  3392
Throw: Throwing net      |       |       |       |       |     2 |       |       ||     2
Invok: Finesse           |       |       |       |     3 |     3 |     5 |     3 ||    14
       Heroism           |       |       |       |     2 |     3 |     4 |     3 ||    12
Evoke: Wand              |       |       |       |     6 |     1 |       |       ||     7
       Phial of floods   |       |       |       |       |       |     2 |       ||     2
  Use: Scroll            |       |     3 |     7 |    19 |     4 |     8 |     4 ||    45
       Potion            |       |     2 |       |     4 |     1 |     7 |     3 ||    17
 Stab: Sleeping          |     1 |       |       |     6 |     8 |    20 |       ||    35
       Distracted        |       |     1 |     1 |    11 |     5 |    11 |     1 ||    30
       Held in net/web   |       |       |       |       |     2 |       |       ||     2
       Invisible         |       |       |       |       |       |     3 |     7 ||    10
  Eat: Chunk             |       |     9 |    16 |    24 |    27 |    32 |    11 ||   119
       Pizza             |       |       |       |     1 |     1 |     1 |       ||     3
       Meat ration       |       |       |       |       |       |     1 |       ||     1
       Royal jelly       |       |       |       |       |       |     2 |       ||     2

Vault maps used:
D:1:      dpeg_arrival_long_road
D:2:      elyvilon_altar_3, tgw_trog, uniq_crazy_yiuf_cottage, uniq_iyjb
D:3:      led_sif_book, first_bread
D:4:      old_standard_altar, nicolae_ru_awakened_eye,
          minmay_temple_entry_statues
D:5:      grunt_dithmenos_shadows, gammafunk_temple_overflow_forgotten,
          nicolae_tso_besieged_by_evil
D:6:      nicolae_gozag_seed_capital, lemuel_round_altar, lemuel_doored_altar,
          grunt_ashenzari_visionary
D:7:      grunt_temple_overflow_forces_of_nature, serial_aquarium,
          aquarium_bridge_island_small, aquarium_bridge_square,
          aquarium_window_1, aquarium_window_2, aquarium_window_corridor_1,
          aquarium_window_fake, aquarium_view_2d, aquarium_balcony_1a,
          aquarium_pool_1
D:9:      dpeg_oklobed_lair, hangedman_tree_tricks,
          onia_ninara_dug_in_and_dangerous
D:10:     serial_shops, shop, shop_fountains, shop, shop_fountains,
          shop_fountains
D:11:     lab_entry_generic, special_room
D:12:     david_orc_3, nicolae_trove_entry_free_sample, ice2_lemuel,
          uniq_harold, uniq_gastronok, uniq_maurice
Temple:   circular_temple_6
Lair:1:   guppyfry_lair_drakes, grunt_megastairs_2, infiniplex_staircase_pool
Lair:2:   beast_lair_carwin_4, lemuel_fruit_tree, grunt_megastairs_3
Lair:3:   shoals_dummy_entry, beast_lair_carwin_6
Lair:4:   beast_lair_carwin_1
Lair:5:   nicolae_spider_entry_orb_guardian, grunt_forest_stairs_basic
Lair:6:   grunt_megastairs_5, uniq_rupert
Lair:7:   slime_altar_2, serial_bayou_shore_b, serial_bayou_shore_a
Lair:8:   evilmike_catoblepas_cave, columned_hall_lemuel
Shoals:1: uniq_aizul
Shoals:2: uniq_polyphemus
Shoals:3: nicolae_shoals_aquamancer_cove
Shoals:4: shoals_end_hangedman, shoals_ilsuiw_ice
Spider:1: zaba_anthell, uniq_frances
Spider:2: spider_trap
Spider:3: nicolae_spider_mines_2
Spider:4: guppyfry_spider_rune
Orc:2:    pf_orc_diabolical, basic_altar
Elf:1:    minmay_elf_arrival_circle, minivault_28, minmay_misc_feat_alley,
          hangedman_elf_targetted_burst
Elf:2:    serial_shops, nicolae_shop_trees, lemuel_flame_loot_1
Elf:3:    elf_hall

Table legend:
 A = Turns spent in this place as a percentage of turns spent in the entire game.
 B = Non-inter-level travel turns spent in this place as a percentage of non-inter-level travel turns spent in the entire game.
 C = Inter-level travel turns spent in this place as a percentage of turns spent in this place.
 D = Turns resting spent in this place as a percentage of non-inter-level travel turns spent in this place.
 E = Turns spent auto-exploring this place as a percentage of non-inter-level travel turns spent in this place.
 F = Non-inter-level travel turns spent in this place divided by the number of levels of this place that you've seen.
                   A       B       C       D       E      F
               +-------+-------+-------+-------+-------+----------------------
         Total | 100.0 | 100.0 |   0.6 |   1.2 |   7.2 | 415.0
       Dungeon |  24.0 |  23.9 |   0.9 |   1.5 |  10.4 | 280.8
        Temple |   0.1 |   0.1 |   8.3 |   0.0 |  63.6 |  11.0
          Lair |  26.2 |  26.2 |   0.6 |   0.8 |   6.1 | 461.8
        Shoals |  12.9 |  12.9 |   0.5 |   1.0 |   5.7 | 453.8
   Spider Nest |  13.5 |  13.5 |   0.4 |   0.9 |   5.7 | 477.5
  Orcish Mines |   6.9 |   6.9 |   0.4 |   0.9 |   7.5 | 488.0
   Elven Halls |  16.5 |  16.5 |   0.4 |   1.7 |   6.0 | 778.3
               +-------+-------+-------+-------+-------+----------------------

Table legend:
 A = Kills in this place as a percentage of kills in entire the game.
 B = Kills by you in this place as a percentage of kills by you in the entire game.
 C = Kills by friends in this place as a percentage of kills by friends in the entire game.
 D = Other kills in this place as a percentage of other kills in the entire game.
 E = Experience gained in this place as a percentage of experience gained in the entire game.
 F = Experience gained in this place divided by the number of levels of this place that you have seen.
                   A       B       C       D       E      F
               +-------+-------+-------+-------+-------+----------------------
         Total | 100.0 | 100.0 | 100.0 | 100.0 | 100.0 | 11438.2
       Dungeon |  24.7 |  25.6 |  18.0 |   0.0 |   6.8 | 2191.6
          Lair |  25.5 |  25.1 |  29.3 |   0.0 |  18.2 | 8870.1
        Shoals |  10.7 |  10.6 |  10.5 |  50.0 |  19.7 | 19131.5
   Spider Nest |  18.4 |  18.6 |  17.3 |   0.0 |  20.3 | 19751.8
  Orcish Mines |   9.2 |  10.3 |   0.0 |   0.0 |   5.4 | 10547.0
   Elven Halls |  11.4 |   9.9 |  24.8 |  50.0 |  29.6 | 38337.7
               +-------+-------+-------+-------+-------+----------------------
